[Event "Late-Titled-Tuesday-Blitz-April-30-2024"]
[Site "Chess.com"]
[Date "2024.04.30"]
[Round "8"]
[White "katharinareinecke"]
[Black "teresin05"]
[Result "0-1"]
[WhiteElo "2036"]
[BlackElo "2252"]
[TimeControl "180+1"]
[EndTime "15:27:05 PDT"]
[Termination "teresin05 won by resignation"]

1. d4 d5 2. c4 c6 3. Nf3 Nf6 4. g3 Bf5 5. Bg2 h6 6. O-O e6 7. b3 Be7 8. Bb2 O-O 9. Nbd2 a5 10. a3 Nbd7 11. e3 Ne4 12. Qe2 Ndf6 13. Nh4 Nxd2 14. Qxd2 Be4 15. f3 Bh7 16. Bh1 Nd7 17. Ng2 a4 18. b4 dxc4 19. Qc3 b5 20. e4 Qb6 21. Ne3 Rad8 22. f4 Nf6 23. f5 e5 24. dxe5 Rd3 25.
Qc1 Ng4 26. Rf3 Nxe3 27. Rxe3 Qxe3+ 28. Qxe3 Rxe3 29. Rd1 Rd3 30. Re1 c3 31. Bc1 Rfd8 32.
Bf3 Bg5 33. Bxg5 hxg5 34. Be2 Rd2 35. Bg4 c2 36. Rc1 Rd1+ 37. Bxd1 Rxd1+ 0-1

[Event "Late-Titled-Tuesday-Blitz-April-30-2024"]
[Site "Chess.com"]
[Date "2024.04.30"]
[Round "8"]
[White "scandalgod"]
[Black "Anton_Demchenko"]
[Result "1-0"]
[WhiteElo "2513"]
[BlackElo "2875"]
[TimeControl "180+1"]
[EndTime "15:27:06 PDT"]
[Termination "scandalgod won on time"]

1. d4 Nf6 2. c4 d6 3. Nc3 e5 4. Nf3 Nc6 5. e4 Bg4 6. d5 Nd4 7. Be2 Nxe2 8. Qxe2 Be7 9. h3 Bd7 10. Be3 h6 11. O-O g5 12. c5 g4 13. hxg4 Nxg4 14.
Rfc1 Rg8 15. cxd6 Bxd6 16. Nb5 a6 17. Nxd6+ cxd6 18. Bd2 Qf6 19. Rc7 Bb5 20. Qe1 h5 21. Rac1 Rd8 22. Rxb7 h4 23. Rcc7 Bd7 24. Qc1 Ne3 25. Bxe3 Qxf3 26. Bg5 1-0

[Event "Late-Titled-Tuesday-Blitz-April-30-2024"]
[Site "Chess.com"]
[Date "2024.04.30"]
[Round "8"]
[White "Synctel"]
[Black "PawnEatingZombie"]
[Result "0-1"]
[WhiteElo "2032"]
[BlackElo "2217"]
[TimeControl "180+1"]
[EndTime "15:27:06 PDT"]
[Termination "PawnEatingZombie won on time"]

1. d4 Nf6 2. Nf3 g6 3. Bf4 Bg7 4. e3 d6 5. h3 O-O 6. Be2 c5 7.
c3 Qb6 8. Qb3 Be6 9. Qxb6 axb6 10.
a3 Bd5 11. Nbd2 Bc6 12. O-O b5 13. dxc5 dxc5 14. Ne5 c4 15. Ndf3 Be8 16. Rfd1 Nc6 17. Nxc6 Bxc6 18. Be5 Ne4 19. Bxg7 Kxg7 20. Nd4 Nc5 21.
Nxc6 bxc6 22. Bf3 Rfc8 23. Be2 Rd8 24. Kf1 e5 25. Ke1 e4 26. Rd4 Rxd4 27. exd4 Nd3+ 28. Bxd3 exd3 29. Kd2 Re8 30. Re1 Rxe1 31. Kxe1 Kf6 32.
Kd2 Ke6 33. b3 Kd5 34. a4 bxa4 35. bxa4 c5 36. dxc5 Kxc5 37. f3 Kb6 0-1

[Event "Late-Titled-Tuesday-Blitz-April-30-2024"]
[Site "Chess.com"]
[Date "2024.04.30"]
[Round "8"]
[White "xberli"]
[Black "disciplinedbrat"]
[Result "1-0"]
[WhiteElo "2633"]
[BlackElo "2444"]
[TimeControl "180+1"]
[EndTime "15:27:09 PDT"]
[Termination "xberli won by resignation"]

1. d4 d6 2. Nf3 g6 3. g3 Bg7 4. Bg2 Nf6 5. O-O O-O 6. c4 c5 7. d5 e6 8. a4 exd5 9. cxd5 Nbd7 10. Nfd2 Re8 11. Na3 Ne5 12. Ndc4 a6 13. a5 Bd7 14.
Nxd6 Qxa5 15. Nxe8 Rxe8 16. Bf4 Qb4 17. Qc2 Neg4 18.
Bd2 Qb6 19. Nc4 Qd8 20. e4 Bb5 21. Rfe1 Nxf2 22. Ba5 Qb8 23. Qxf2 Bxc4 24. Qxc5 Bb5 25. Bc3 Rc8 26. Qd4 Nh5 27. e5 Rc4 28. Qd2 Bd7 29. e6 Bxc3 30. bxc3 fxe6 31. dxe6 Bc6 32. Bxc6 Rxc6 33.
e7 Nf6 34. Qd8+ 1-0

[Event "Late-Titled-Tuesday-Blitz-April-30-2024"]
[Site "Chess.com"]
[Date "2024.04.30"]
[Round "8"]
[White "Dhaydon19"]
[Black "Heliosis11"]
[Result "1-0"]
[WhiteElo "2621"]
[BlackElo "2418"]
[TimeControl "180+1"]
[EndTime "15:27:09 PDT"]
[Termination "Dhaydon19 won by resignation"]

1. e4 c5 2. Nc3 e6 3. g3 d5 4. exd5 exd5 5. Bg2 d4 6. Ne4 Nf6 7. Nxf6+ Qxf6 8. Ne2 Be7 9. O-O Nc6 10. Nf4 O-O 11.
Nd5 Qd6 12. d3 Be6 13. Bf4 Qd7 14. Nxe7+ Nxe7 15. Re1 Nd5 16. Bd2 Rfe8 17. a3 h6 18. Qf3 Rad8 19. Re5 Qe7 20. Rae1 Qf8 21. g4 b6 22. g5 hxg5 23. Bxg5 Rd7 24. Qg3 Ne7 25. Bh6 Kh8 26. Bd2 Nf5 27. Qf4 g6 28. h4 Rde7 29. h5 Qg7 30. hxg6 Qxg6 31. Qh2+ Kg7 32. Kf1 Rh8 33. Qf4 Ree8 34. Be4 Rh5 35. Ke2 f6 36. Rxe6 Rxe6 37. Kd1 Rg5 38. Qc7+ Kh6 39. Rh1+ 1-0

[Event "Late-Titled-Tuesday-Blitz-April-30-2024"]
[Site "Chess.com"]
[Date "2024.04.30"]
[Round "8"]
[White "PoAslan"]
[Black "patzer-reloaded"]
[Result "1-0"]
[WhiteElo "2402"]
[BlackElo "2528"]
[TimeControl "180+1"]
[EndTime "15:27:10 PDT"]
[Termination "PoAslan won on time"]

1. e4 d6 2. d4 Nf6 3. Nc3 g6 4.
f4 Bg7 5. Nf3 O-O 6. Be3 b6 7.
e5 Ng4 8. Bg1 c5 9. h3 Nh6 10. d5 Ba6 11. Bxa6 Nxa6 12. Qe2 Nc7 13. O-O-O b5 14. g4 Rb8 15. f5 b4 16. Ne4 Nb5 17. f6 exf6 18. exf6 Bxf6 19. Nxf6+ Qxf6 20. g5 Qh8 21. gxh6 Nc3 22. bxc3 bxc3 23. Qc4 Rb4 24. Bd4 Rxc4 25.
Bxh8 Kxh8 26. Rd3 Kg8 27. Re1 Rb4 28. Rxc3 Rfb8 29. Kd2 Kf8 30. Rce3 Rf4 31. Ng5 Rf5 32. h4 Rxd5+ 33. Kc3 Kg8 34. Re8+ 1-0

[Event "Late-Titled-Tuesday-Blitz-April-30-2024"]
[Site "Chess.com"]
[Date "2024.04.30"]
[Round "8"]
[White "Legendinunknown"]
[Black "dropstoneDP"]
[Result "0-1"]
[WhiteElo "2812"]
[BlackElo "3001"]
[TimeControl "180+1"]
[EndTime "15:27:17 PDT"]
[Termination "dropstoneDP won by resignation"]

1. e4 e5 2. Nc3 Nf6 3. Bc4 Nxe4 4. Qh5 Nd6 5. Bb3 Be7 6. Nf3 O-O 7. h4 Nc6 8. Ng5 h6 9. Qg6 Bxg5 10. hxg5 Ne7 11.
Qh5 Ndf5 12. gxh6 g6 13. Qh2 Kh7 14. Qxe5 Nc6 15. Qf4 Qe7+ 16. Kf1 Ncd4 17. g4 g5 18. Qe4 Re8 19. gxf5 Qxe4 20. Nxe4 Rxe4 21. Bxf7 Nxf5 22.
Bg6+ Kxg6 23. h7 b6 24. h8=Q Ba6+ 25. d3 Rxh8 26. Rxh8 Nd4 27. Rg8+ Kf7 28. Rxg5 Nxc2 29. Kg2 Bxd3 30. Rb1 Ne1+ 0-1

[Event "Late-Titled-Tuesday-Blitz-April-30-2024"]
[Site "Chess.com"]
[Date "2024.04.30"]
[Round "8"]
[White "Janh4"]
[Black "pedroholly22"]
[Result "0-1"]
[WhiteElo "2205"]
[BlackElo "2453"]
[TimeControl "180+1"]
[EndTime "15:27:17 PDT"]
[Termination "pedroholly22 won by checkmate"]

1. d4 d5 2. Nc3 Nf6 3. Bf4 e6 4. Nb5 Na6 5. e3 c6 6. Nc3 c5 7.
Nb5 Bd7 8. a4 c4 9. c3 Be7 10.
b3 cxb3 11. Qxb3 O-O 12. h3 Ne4 13. Bd3 Rc8 14. Ne2 Qa5 15. Bxe4 Bxb5 16. Bxh7+ Kh8 17. Bc2 Bxe2 18. Kxe2 Rxc3 19. Qb2 Rfc8 20. Rhc1 Nb4 21. Bd1 Qa6+ 22. Kf3 Qd3 23. Be2 Qe4+ 24. Kg3 Rc2 25. Qa3 g5 26. Be5+ f6 27. Bxf6+ Bxf6 28. Qxb4 Be5+ 29.
f4 Bxf4+ 30. Kg4 Bxe3+ 31. Kh5 Qh7+ 32. Kg4 Qh4+ 33. Kf3 Qf4# 0-1

[Event "Late-Titled-Tuesday-Blitz-April-30-2024"]
[Site "Chess.com"]
[Date "2024.04.30"]
[Round "8"]
[White "duone"]
[Black "CarrotsandPizza"]
[Result "0-1"]
[WhiteElo "2412"]
[BlackElo "2588"]
[TimeControl "180+1"]
[EndTime "15:27:21 PDT"]
[Termination "CarrotsandPizza won by resignation"]

1. e4 c5 2. Nf3 Qb6 3. Nc3 Nc6 4. d3 e6 5. Be2 d6 6. O-O Be7 7. Be3 Qxb2 8. Qd2 Qb6 9. Rab1 Qc7 10. d4 cxd4 11.
Nxd4 a6 12. Rfe1 Nf6 13. Nxc6 Qxc6 14. Bf3 Qc7 15. Bb6 Qd7 16. Rbd1 O-O 17. Bd4 Qc7 18. e5 dxe5 19. Bxe5 Qc5 20. Bd4 Qc7 21. Be5 Qc5 22. Bd4 Qf5 23. Ne4 Rd8 24. Qc3 Nd5 25.
Qb2 f6 26. c4 Nf4 27. g4 Qg6 28. h4 e5 29. h5 Nxh5 30. Be3 Bxg4 31. Bxg4 Qxg4+ 32. Ng3 Rxd1 33. Rxd1 Nxg3 34. Kg2 Nf5+ 0-1

[Event "Late-Titled-Tuesday-Blitz-April-30-2024"]
[Site "Chess.com"]
[Date "2024.04.30"]
[Round "8"]
[White "TheMagician"]
[Black "A4RookA3"]
[Result "0-1"]
[WhiteElo "2133"]
[BlackElo "2376"]
[TimeControl "180+1"]
[EndTime "15:27:21 PDT"]
[Termination "A4RookA3 won on time"]

1. e4 Nf6 2. Nc3 e6 3. g3 d5 4.
exd5 Nxd5 5. Nge2 b6 6. Bg2 Bb7 7. O-O Be7 8. Nxd5 Bxd5 9. Bxd5 Qxd5 10. Nf4 Qd7 11. d4 O-O 12. c3 c5 13. dxc5 Bxc5 14. Qxd7 Nxd7 15. Nd3 Be7 16. Rd1 Rfd8 17. Be3 b5 18. a4 a6 19. Kf1 Nf6 20. Bg5 h6 21. Bxf6 Bxf6 22. axb5 axb5 23. Nb4 Rxd1+ 24. Rxd1 Be7 25.
Nc6 Bc5 26. b4 Bb6 0-1

[Event "Late-Titled-Tuesday-Blitz-April-30-2024"]
[Site "Chess.com"]
[Date "2024.04.30"]
[Round "8"]
[White "BeanScreen"]
[Black "WilsonPalencia21"]
[Result "1-0"]
[WhiteElo "2691"]
[BlackElo "2521"]
[TimeControl "180+1"]
[EndTime "15:27:27 PDT"]
[Termination "BeanScreen won by resignation"]

1. e4 c5 2. Nf3 d6 3. d4 cxd4 4. Nxd4 Nf6 5. Nc3 g6 6. Be3 Bg7 7. f3 O-O 8. Qd2 Nc6 9. g4 Nxd4 10. Bxd4 Be6 11. h4 Qa5 12. h5 Rfc8 13. a3 Rab8 14.
h6 Bh8 15. Rh2 b5 16. b4 Qc7 17. Nxb5 Rxb5 18. Bxb5 Bc4 19. Bxc4 Qxc4 20. Rd1 e5 21.
Bxa7 d5 22. g5 Nh5 23. Qxd5 Qc3+ 24. Qd2 Qc7 25. Qd7 Qc3+ 26. Kf2 Bf6 27. gxf6 Nxf6 28. Qd3 Qc7 29. Bc5 Qc6 30. Qd6 Qa4 31. Qxf6 Qxc2+ 32.
Kg3 1-0

[Event "Late-Titled-Tuesday-Blitz-April-30-2024"]
[Site "Chess.com"]
[Date "2024.04.30"]
[Round "8"]
[White "vladgoncharov"]
[Black "CarlosjPineror"]
[Result "0-1"]
[WhiteElo "2605"]
[BlackElo "2714"]
[TimeControl "180+1"]
[EndTime "15:27:32 PDT"]
[Termination "CarlosjPineror won on time"]

1. d4 Nf6 2. c4 d6 3. Nf3 g6 4. Nc3 Bf5 5. g3 Ne4 6. Qb3 b6 7. Bg2 Nxc3 8. Qxc3 Be4 9. d5 Rg8 10. O-O Nd7 11. Be3 c5 12. dxc6 Bxc6 13. Rad1 Qc7 14. b4 Bg7 15. Qb3 h6 16. Rc1 g5 17. c5 bxc5 18.
bxc5 d5 19. Nd4 Bxd4 20. Bxd4 e6 21. Rfe1 Kf8 22. e4 dxe4 23. Bxe4 Bxe4 24. Rxe4 Qc6 25. Ree1 Rg6 26. Rb1 Re8 27. Qb7 e5 28. Be3 e4 29.
Red1 Ne5 30. Qxa7 Qc8 31. Kg2 Qf5 32. c6 Rxc6 33. Qd4 Kg8 34. Rb5 Qf3+ 35. Kg1 Qe2 36. Rf1 Nf3+ 0-1

[Event "Late-Titled-Tuesday-Blitz-April-30-2024"]
[Site "Chess.com"]
[Date "2024.04.30"]
[Round "8"]
[White "GlavkonVVS"]
[Black "CDOEspiao"]
[Result "0-1"]
[WhiteElo "2683"]
[BlackElo "2552"]
[TimeControl "180+1"]
[EndTime "15:27:32 PDT"]
[Termination "CDOEspiao won by resignation"]

1. c4 c5 2. Nc3 Nf6 3. g3 e6 4.
Bg2 d5 5. Nf3 d4 6. Na4 Nc6 7. O-O Be7 8. d3 O-O 9. e3 e5 10. exd4 exd4 11. Bg5 h6 12. Bxf6 gxf6 13. Nd2 Ne5 14. Ne4 Qc7 15. h3 f5 16. f4 fxe4 17.
fxe5 Qxe5 18. dxe4 Qxg3 19. Rf3 Qg6 20. Qd3 Kh8 21.
Raf1 Rg8 22. R1f2 Be6 23. b4 b6 24. bxc5 bxc5 25. Qc2 Rg7 26. Nb2 Rag8 27. Nd3 Qxe4 28. Qd2 Bg5 29. Qc2 Be3 30. Rxe3 Qxe3 31. Kh1 Bxh3 32. Nf4 Bxg2+ 33. Nxg2 Qh3+ 34. Kg1 d3 35. Qd2 Rxg2+ 36. Rxg2 Rxg2+ 37. Qxg2 Qxg2+ 38. Kxg2 d2 0-1

[Event "Late-Titled-Tuesday-Blitz-April-30-2024"]
[Site "Chess.com"]
[Date "2024.04.30"]
[Round "8"]
[White "Blampman"]
[Black "HATilay"]
[Result "1-0"]
[WhiteElo "2445"]
[BlackElo "2629"]
[TimeControl "180+1"]
[EndTime "15:27:34 PDT"]
[Termination "Blampman won by checkmate"]

1. d4 Nf6 2. c4 e6 3. Nc3 Bb4 4.
a3 Bxc3+ 5. bxc3 c5 6. f3 Nc6 7. e4 d6 8. Ne2 b6 9. Ng3 O-O 10. Be2 Ba6 11. O-O Na5 12. f4 Ne8 13. e5 dxe5 14.
fxe5 cxd4 15. cxd4 Bxc4 16. Be3 Rc8 17. Ne4 Bxe2 18. Qxe2 f5 19. Ng5 Qd5 20. Rad1 h6 21. Nh3 Nc7 22. Rc1 Nb3 23. Rcd1 Rfd8 24. Qh5 Rd7 25. Qg6 Kh8 26. Rf3 Re7 27. Nf4 Qd7 28. Rh3 Qe8 29. Qg3 Kh7 30. Bf2 Nd5 31. Nxd5 exd5 32.
Qxb3 f4 33. Qxd5 Rd8 34. Qe4+ Kh8 35. Qxf4 Rxe5 36. Rf1 Re4 37. Qf3 Qe6 38. Rg3 Re8 39. h3 Qc4 40. Qh5 a5 41. Qg6 Qc7 42. Rf3 R4e7 43. Bg3 Qd7 44. Be5 Re6 45. Rf8+ Rxf8 46. Rxf8# 1-0

[Event "Late-Titled-Tuesday-Blitz-April-30-2024"]
[Site "Chess.com"]
[Date "2024.04.30"]
[Round "8"]
[White "olakenn"]
[Black "Inepton_Fermion"]
[Result "0-1"]
[WhiteElo "1907"]
[BlackElo "2430"]
[TimeControl "180+1"]
[EndTime "15:27:34 PDT"]
[Termination "Inepton_Fermion won by resignation"]

1. e4 d5 2. exd5 Qxd5 3. Nc3 Qd8 4. Nf3 Nf6 5. Bc4 e6 6. O-O Be7 7. Re1 O-O 8. d4 Nbd7 9. Bf4 c6 10. Qe2 Nb6 11.
Bb3 Nbd5 12. Bd2 a5 13. Ne5 c5 14. dxc5 Bxc5 15. Rad1 Nxc3 16. Bxc3 Qb6 17. Nc4 Qc7 18.
Bxf6 gxf6 19. Ne3 Qf4 20. Qg4+ Qxg4 21. Nxg4 Kg7 22. Bc4 h5 23. Ne3 f5 24. Be2 h4 25.
Nc4 Kf6 26. Kf1 b6 27. a3 Rg8 28. Bf3 Ra7 29. Nd6 Ba6+ 30. Kg1 Rd8 31. Ne4+ fxe4 32.
Rxd8 exf3 33. gxf3 Rc7 34. f4 Be7 35. Rd2 Rc4 36. f5 Rg4+ 37. Kh1 Bb7+ 0-1

[Event "Late-Titled-Tuesday-Blitz-April-30-2024"]
[Site "Chess.com"]
[Date "2024.04.30"]
[Round "8"]
[White "bubeliang"]
[Black "manitodeplomo"]
[Result "1-0"]
[WhiteElo "2810"]
[BlackElo "2616"]
[TimeControl "180+1"]
[EndTime "15:27:35 PDT"]
[Termination "bubeliang won by resignation"]

1. e4 Nf6 2. Nc3 d5 3. e5 Ng8 4.
d4 e6 5. f4 c5 6. Nf3 Nc6 7.
Be3 c4 8. Ne2 b5 9. c3 Bd7 10.
g4 h5 11. gxh5 Nge7 12. Ng3 b4 13. Bh3 Rb8 14. O-O bxc3 15. bxc3 Qa5 16. Qd2 g6 17. Ng5 Nf5 18. hxg6 fxg6 19. Nxf5 gxf5 20. Rab1 Rb6 21. Bg2 Be7 22. Qe2 Qxc3 23. Qf2 Nb4 24. Nf3 Nd3 25. Qg3 Kf7 26. Ng5+ Bxg5 27. fxg5 Kg6 28.
h4 Rhb8 29. h5+ Kg7 30. Rxb6 Rxb6 31. g6 f4 32. Bxf4 Qxd4+ 33. Be3 Qxe5 34. Qxe5+ Nxe5 35. Bd4 Kh6 36. Bxe5 Kxh5 37. g7 1-0

[Event "Late-Titled-Tuesday-Blitz-April-30-2024"]
[Site "Chess.com"]
[Date "2024.04.30"]
[Round "8"]
[White "platy3"]
[Black "Umumba_FM"]
[Result "1-0"]
[WhiteElo "2881"]
[BlackElo "2703"]
[TimeControl "180+1"]
[EndTime "15:27:37 PDT"]
[Termination "platy3 won by resignation"]

1. e4 Nc6 2. Nf3 f5 3. exf5 d5 4. d4 Bxf5 5. Bd3 Bg4 6. h3 Bxf3 7. Qxf3 Nf6 8. c3 e5 9. dxe5 Nxe5 10. Qe2 Qe7 11.
O-O Nxd3 12. Qxd3 O-O-O 13. Bf4 Qd7 14. Nd2 Bd6 15. Bxd6 Qxd6 16. Nb3 Kb8 17. Rad1 g5 18. Nd4 g4 19. h4 Nh5 20. Qf5 Nf4 21. Rfe1 Rdf8 22.
Qe5 Qd8 23. Nf5 Ng6 24. Qxd5 Qf6 25. Re6 Qxf5 26. Re8+ Rxe8 27. Qxf5 Nxh4 28. Qh5 Ng6 29.
Qxg4 Rhg8 30. Qd4 b6 31. Rd3 Re1+ 32. Kh2 Re2 33. c4 Ne5 34. Rg3 Rf8 35. c5 Rfxf2 36. Qd5 Rf8 37. Rg8 Rxg8 38. Qxg8+ Kb7 39. cxb6 axb6 40.
Qxh7 Rxb2 41. Qe4+ Nc6 42. Qd5 Rc2 43. Kh3 Rc5 44.
Qe4 b5 45. g4 Kb6 46. Kh4 Rc4 47.
Qe3+ Ka5 48. Kh5 b4 49. g5 Rc3 50. Qe4 Kb5 51. g6 Rc5+ 52. Kh6 Re5 53. Qxe5+ Nxe5 54.
g7 Nf7+ 55. Kh5 Nd6 56. g8=Q c5 57. Qd5 Nc4 58. Qd3 1-0

[Event "Late-Titled-Tuesday-Blitz-April-30-2024"]
[Site "Chess.com"]
[Date "2024.04.30"]
[Round "8"]
[White "nitpicker"]
[Black "SergioMoralesG"]
[Result "1-0"]
[WhiteElo "2262"]
[BlackElo "2441"]
[TimeControl "180+1"]
[EndTime "15:27:37 PDT"]
[Termination "nitpicker won by resignation"]

1. d4 d5 2. c4 c6 3. Nf3 Nf6 4. Qb3 dxc4 5. Qxc4 Bf5 6. Nc3 e6 7. g3 Nbd7 8. Qb3 Qb6 9. Nd2 Qxd4 10. Qxb7 Rb8 11.
Qxc6 Bb4 12. Bg2 O-O 13. Nf3 Bxc3+ 14. bxc3 Qd5 15. Nd4 Qa5 16. Nxf5 exf5 17. O-O Rfc8 18. Qd6 Qxc3 19. Bf4 Rb6 20. Qd3 Qxd3 21. exd3 Nc5 22. Rfc1 Nfd7 23. d4 g5 24. Be3 Rbc6 25. Bxc6 Rxc6 26.
dxc5 1-0

[Event "Late-Titled-Tuesday-Blitz-April-30-2024"]
[Site "Chess.com"]
[Date "2024.04.30"]
[Round "8"]
[White "superchess02"]
[Black "Mackster23"]
[Result "1-0"]
[WhiteElo "2862"]
[BlackElo "2617"]
[TimeControl "180+1"]
[EndTime "15:27:38 PDT"]
[Termination "superchess02 won on time"]

1. d4 Nf6 2. c4 e6 3. Nc3 Bb4 4. a3 Bxc3+ 5. bxc3 c5 6. e3 b6 7. Bd3 Bb7 8. Ne2 Bxg2 9. Rg1 Be4 10. Nf4 Bg6 11. h4 Bxd3 12. Nxd3 O-O 13. h5 Kh8 14. Qf3 Nc6 15. e4 cxd4 16. h6 gxh6 17. Bxh6 Rg8 18. O-O-O Qe7 19. c5 bxc5 20. Bg5 Rxg5 21. Rxg5 Nxe4 22.
Rh5 f5 23. Rdh1 Nf6 24. Rh6 Rb8 25. Nf4 Ne5 26. Qe2 Ne4 27. Qh5 Nf6 28. Qg5 Rf8 29. Re1 c4 30. Rxe5 Qxa3+ 31. Kd1 Qa1+ 32. Ke2 Qb2+ 33. Kf3 Qxc3+ 34. Kg2 Rg8 35. Ng6+ Rxg6 36. Qxg6 1-0

[Event "Late-Titled-Tuesday-Blitz-April-30-2024"]
[Site "Chess.com"]
[Date "2024.04.30"]
[Round "8"]
[White "albi1999"]
[Black "JiangoFett"]
[Result "1-0"]
[WhiteElo "2655"]
[BlackElo "2474"]
[TimeControl "180+1"]
[EndTime "15:27:38 PDT"]
[Termination "albi1999 won by resignation"]

1. d4 Nf6 2. c4 e6 3. Nc3 Bb4 4. e3 b6 5. Bd3 Bb7 6. Nf3 O-O 7. O-O Bxc3 8. bxc3 d6 9. Nd2 c5 10. e4 e5 11. f4 Re8 12. fxe5 dxe5 13. d5 h6 14. Nf3 Nh5 15. g3 Bc8 16. Nh4 Nf6 17. a4 Nbd7 18. Ra2 Nf8 19. Raf2 Bh3 20. Rxf6 gxf6 21. Rf2 Qd7 22. Nf5 Bxf5 23. Rxf5 Kg7 24. Qh5 Qd6 25. Qxh6+ Kg8 26. Rxf6 Qd8 27. Qg5+ Ng6 28. h4 Kg7 29. h5 Rh8 30. h6+ Kg8 31. Rxg6+ fxg6 32. Qxg6+ Kf8 33. Qg7+ Ke8 34. Qxh8+ Kd7 35. Qg7+ 1-0

[Event "Late-Titled-Tuesday-Blitz-April-30-2024"]
[Site "Chess.com"]
[Date "2024.04.30"]
[Round "8"]
[White "kleber2007"]
[Black "bobo_panda"]
[Result "1/2-1/2"]
[WhiteElo "2502"]
[BlackElo "2426"]
[TimeControl "180+1"]
[EndTime "15:27:39 PDT"]
[Termination "Game drawn - insufficient material"]

1. e4 c5 2. Nf3 d6 3. d3 g6 4.
Nbd2 Bg7 5. g3 Nc6 6. Bg2 e6 7. O-O Nge7 8. c3 O-O 9. Re1 Rb8 10.
a4 a6 11. Qc2 b5 12. axb5 axb5 13. Nf1 b4 14. Bd2 Bb7 15. Ne3 bxc3 16. bxc3 Qc7 17. Ng4 Ra8 18. Nh6+ Kh8 19. Rxa8 Bxa8 20. Ra1 Bb7 21.
h4 Ng8 22. Ng4 f5 23. Ngh2 fxe4 24. dxe4 Ne5 25. Ng5 Qc8 26. Qb3 c4 27. Qb6 h6 28.
Ngf3 Qc6 29. Qxc6 Bxc6 30. Nxe5 Bxe5 31. Ng4 Bg7 32. Ne3 Nf6 33. e5 Ne4 34. exd6 Nxd2 35. Bxc6 Bxc3 36. Ra4 Bd4 37. Nxc4 Bxf2+ 38. Kg2 Nb3 39. d7 Bc5 40. Ra8 Rxa8 41. Bxa8 Be7 42. Ne5 Kg7 43. Nc6 Bf6 44. d8=Q Bxd8 45. Nxd8 Kf6 46.
Be4 Nc5 47. Bf3 g5 48. h5 Nd3 49.
Nb7 Ne5 50. Nd6 g4 51. Be2 Kg5 52. Ne4+ Kxh5 53. Nf6+ Kg5 54. Ne8 h5 55. Nd6 h4 56.
gxh4+ Kxh4 57. Ne4 Ng6 58. Nc5 Nf4+ 59. Kf1 Kg3 60.
Nxe6 Nxe6 61. Bxg4 1/2-1/2

[Event "Late-Titled-Tuesday-Blitz-April-30-2024"]
[Site "Chess.com"]
[Date "2024.04.30"]
[Round "8"]
[White "FairChess_on_YouTube"]
[Black "MatthewG-p4p"]
[Result "1-0"]
[WhiteElo "3091"]
[BlackElo "2874"]
[TimeControl "180+1"]
[EndTime "15:27:41 PDT"]
[Termination "FairChess_on_YouTube won by resignation"]

1. d4 Nf6 2. c4 c5 3. Nf3 cxd4 4.
Nxd4 e5 5. Nb5 d5 6. cxd5 Bc5 7. e3 O-O 8. N5c3 e4 9. Be2 Re8 10. a3 a5 11. Nd2 Qe7 12. g4 Rd8 13. Nb3 Bd6 14.
g5 Nfd7 15. h4 Nc5 16. Nxc5 Bxc5 17. b3 Bf5 18. Bg4 Qd7 19. Rg1 Re8 20. Bb2 Bxg4 21.
Qxg4 Qe7 22. O-O-O Bxa3 23. d6 Bxb2+ 24. Kxb2 Qd7 25.
Nxe4 Qxg4 26. Rxg4 Nd7 27. Nc3 f5 28. Rc4 Ne5 29.
Rc7 b6 30. Nd5 Red8 31. Ne7+ Kh8 32. Nxf5 Rf8 33. f4 Ng4 34. d7 Rad8 35. e4 g6 36. Nd6 Kg7 37. Nb7 Nf2 38. Rd4 1-0

[Event "Late-Titled-Tuesday-Blitz-April-30-2024"]
[Site "Chess.com"]
[Date "2024.04.30"]
[Round "8"]
[White "AlexeiShirov"]
[Black "NLLO777"]
[Result "1-0"]
[WhiteElo "2827"]
[BlackElo "2571"]
[TimeControl "180+1"]
[EndTime "15:27:41 PDT"]
[Termination "AlexeiShirov won by resignation"]

1. e4 c5 2. Nf3 d6 3. d4 cxd4 4. Nxd4 Nf6 5. Nc3 a6 6. Be3 e5 7. Nb3 Be7 8. f3 Be6 9. Qd2 h5 10. Nd5 Nxd5 11. exd5 Bf5 12. Na5 Qc7 13. Nc4 Nd7 14. a4 b6 15. Be2 O-O 16. O-O Bg6 17. f4 exf4 18. Bxf4 b5 19. Ne3 Bf6 20. axb5 axb5 21.
Rxa8 Rxa8 22. Bxb5 Bxb2 23. Bc6 Ra2 24. Nc4 Be5 25. Nxe5 Nxe5 26. Bxe5 dxe5 27. Rc1 Qa7+ 28. Qf2 Qxf2+ 29. Kxf2 Bxc2 30. d6 Ba4+ 31. Ke3 Bxc6 32. Rxc6 Ra7 33. Rc7 Ra3+ 34. Ke4 Kh7 35. d7 Ra8 36. Rc8 Ra4+ 37. Kxe5 f6+ 38. Kd5 Ra1 39. d8=Q Rd1+ 1-0

[Event "Late-Titled-Tuesday-Blitz-April-30-2024"]
[Site "Chess.com"]
[Date "2024.04.30"]
[Round "8"]
[White "grzechu96"]
[Black "ab-lsv"]
[Result "1-0"]
[WhiteElo "2791"]
[BlackElo "2399"]
[TimeControl "180+1"]
[EndTime "15:27:42 PDT"]
[Termination "grzechu96 won by resignation"]

1. e4 c6 2. d4 d5 3. e5 c5 4. dxc5 e6 5. Nf3 Bxc5 6. a3 f6 7. b4 Be7 8. Bb2 a5 9. b5 Nd7 10. c4 Nxe5 11. Nxe5 fxe5 12. Bxe5 Nf6 13. Be2 O-O 14. O-O b6 15. cxd5 Qxd5 16. Qxd5 exd5 17.
Nd2 Ne4 18. Nxe4 dxe4 19. Bc4+ Kh8 20. Bd5 Ra7 21. Bxe4 Bf5 22. Bxf5 Rxf5 23. f4 Bc5+ 24. Kh1 h5 25. a4 Kh7 26. g3 g5 27. Kg2 gxf4 28. gxf4 Rff7 29. Rad1 Kg6 30. Kf3 Kf5 31. Rd2 Rad7 32. Rfd1 Rxd2 33. Rxd2 Bb4 34. Rg2 Be7 35. Bd4 Bd8 36. Rg8 Rd7 37. Rf8+ Ke6 38. Ke4 Bc7 39. Rf6+ Ke7 40. Rh6 Rd6 41. Rh7+ Kd8 42.
Be5 1-0

[Event "Late-Titled-Tuesday-Blitz-April-30-2024"]
[Site "Chess.com"]
[Date "2024.04.30"]
[Round "8"]
[White "emeli_chess"]
[Black "carloseduar100"]
[Result "0-1"]
[WhiteElo "2439"]
[BlackElo "2244"]
[TimeControl "180+1"]
[EndTime "15:27:42 PDT"]
[Termination "carloseduar100 won by resignation"]

1. d4 d5 2. c4 e5 3. dxe5 d4 4. Nf3 Nc6 5. g3 Nge7 6. Bg2 Ng6 7. Bg5 Be7 8. Bxe7 Qxe7 9. O-O Ngxe5 10. Nxd4 Nxd4 11.
Qxd4 O-O 12. Nc3 c6 13. b3 a6 14. Rad1 Bf5 15. Qd6 Rfe8 16. Qxe7 Rxe7 17. e4 Bg4 18. f3 Bh5 19. h3 g5 20. Kf2 Rae8 21. Rd6 Kg7 22.
Rfd1 f6 23. Rd8 Rxd8 24. Rxd8 Bf7 25. f4 Ng6 26. Kf3 h5 27. f5 Ne5+ 28. Kf2 g4 29. h4 Be8 30. Bf1 Bd7 31. Be2 Re8 32.
Rxe8 Bxe8 33. Ke3 Kf7 34. Kf4 Ke7 35. Nd1 Kd6 36. b4 b6 37. a3 Bf7 38. Ne3 c5 39. Nd5 Bxd5 40. exd5 cxb4 41. axb4 a5 42. bxa5 bxa5 43.
Ke3 Kc5 44. Kd2 Kd4 45. Kc2 Nf7 46. Kb3 Nd6 47. Ka4 Nxf5 48. Kxa5 Kc5 49. Ka6 Nxg3 50. Kb7 Nxe2 51. Kc7 Nd4 52. d6 g3 53. d7 Ne6+ 0-1

[Event "Late-Titled-Tuesday-Blitz-April-30-2024"]
[Site "Chess.com"]
[Date "2024.04.30"]
[Round "8"]
[White "LeninGuerra"]
[Black "Sergey_70"]
[Result "1-0"]
[WhiteElo "2664"]
[BlackElo "2497"]
[TimeControl "180+1"]
[EndTime "15:27:46 PDT"]
[Termination "LeninGuerra won on time"]

1. e4 c5 2. Nf3 Nc6 3. d4 cxd4 4. Nxd4 Nf6 5. Nc3 d6 6. Be2 e5 7. Nf3 Be7 8. O-O h6 9. b3 Be6 10. Bb2 a6 11. a4 O-O 12. Re1 Rc8 13. h3 Nb4 14. Bf1 Nd7 15. Nd2 f5 16. Nc4 Nc5 17. Ba3 a5 18. exf5 Bxf5 19. Bxb4 axb4 20. Nd5 Bh4 21. g3 Ne4 22. Nde3 Nxf2 23. Qd5+ Kh8 24.
Nxf5 Rxf5 25. Nxd6 Rg5 26. Nf7+ Kh7 27. Nxd8 Rxg3+ 28. Kh2 Rxd8 29. Qe6 Rd2 30. Re2 Rxe2 31. Bxe2 Rg6 32.
Qf5 Bg3+ 33. Kg2 Bh4+ 34. Kf1 1-0

[Event "Late-Titled-Tuesday-Blitz-April-30-2024"]
[Site "Chess.com"]
[Date "2024.04.30"]
[Round "8"]
[White "Romadk"]
[Black "klercaku"]
[Result "0-1"]
[WhiteElo "2480"]
[BlackElo "2262"]
[TimeControl "180+1"]
[EndTime "15:27:46 PDT"]
[Termination "klercaku won by checkmate"]

1. d4 d5 2. Nf3 e6 3. g3 Nf6 4. Bg2 Nbd7 5. O-O c5 6. b3 cxd4 7. Nxd4 Bc5 8. Bb2 a6 9. e3 Qe7 10. Qe2 O-O 11. Rd1 Rd8 12. Nd2 Nf8 13. c4 e5 14.
N4f3 Ng6 15. cxd5 Nxd5 16. Rac1 b5 17. Nxe5 Nxe5 18. Bxe5 Ba3 19. Bd4 Bxc1 20. Rxc1 Bb7 21. Ne4 Rac8 22. Qg4 f5 23. Qxf5 Nxe3 24. Bxe3 Rxc1+ 25.
Bxc1 Rd1+ 26. Bf1 Rxc1 27. Ng5 g6 28. Qf4 Rc5 29. Qb8+ Rc8 30. Qf4 Rf8 31. Qh4 Rf5 32. f4 Qe3# 0-1